AoeStats
← Kanyaga

Arabia

510119440Analyzed
1v1 RM · 2d ago on Sep 29, 2026· 33m 26s· 2 players
Game mode
Random Map
Map size
Tiny (2 player)
Population
200
Speed
Normal
Resources
Standard
Victory
Conquest
Starting age
Dark Age
Ending age
Imperial Age
RankedLock teamsTeams togetherTeam positionsShared explorationLock speedFull tech treeHidden civsTurbo modeCheats
Victory
Defeat
🇦🇷 Lithuanians · Argentina
1555
+19
🇹🇷 Hindustanis · Türkiye
1623
-19
PNAL | TuT.
6:38 Loom
8:41 Feudal Age
10:55 Double-Bit Axe
11:06 Horse Collar
19:31 Castle Age
17:52 Fletching
19:23 Gold Mining
20:16 Bodkin Arrow
19:47 Crossbowman
21:39 Pikeman
22:54 Town Watch
23:24 Squires
25:31 Wheelbarrow
26:04 Scale Mail Armor
27:04 Chain Mail Armor
27:11 Padded Archer Armor
31:02 Scale Barding Armor
31:37 Arson
Kanyaga
6:22 Loom
8:57 Feudal Age
9:43 Double-Bit Axe
13:34 Horse Collar
21:14 Castle Age
20:47 Scale Barding Armor
21:06 Bloodlines
21:01 Town Watch
21:52 Wheelbarrow
21:28 Light Cavalry
21:38 Pikeman
23:34 Forging
24:28 Chain Barding Armor
32:50 Imperial Age
34:40 Imperial Age
Connection lost

Rejoining the realm…

Still unreachable

The connection could not be restored.

Session expired

The server has moved on; the page needs a fresh start.